 Dungeon Crawl Stone Soup version 0.31-a0-259-g771a54ca4b (webtiles) character file.

Game seed: 13525212600518261385

244 qw the Shooter (level 5, -1/45 HPs)
             Began as a Minotaur Hexslinger on July 13, 2023.
             Slain by a gnoll bouda
             ... wielding a +0 whip of venom
              (5 damage)
             ... on level 3 of the Dungeon.
             The game lasted 00:01:00 (2192 turns).

qw the Shooter (Minotaur Hexslinger)                Turns: 2192, Time: 00:01:00

Health: -1/45      AC:  6    Str: 13    XL:     5   Next: 83%
Magic:  5/5        EV: 11    Int: 10    God:
Gold:   81         SH:  0    Dex: 14    Spells: 5/6 levels left

rFire   . . .        Y - +1 sling
rCold   . . .        (no shield)
rNeg    . . .        g - +0 ring mail
rPois   .            (helmet restricted)
rElec   .            d - +0 cloak
rCorr   .            (no gloves)
SInv    .            (no boots)
Will    .....        (no amulet)
Stlth   +            (no ring)
HPRegen 0.27/turn    (no ring)
MPRegen 0.09/turn

%: no passive effects
@: lethally poisoned (-1 -> -14), weakened
A: horns 2, retaliatory headbutt
a: no special abilities


You were on level 3 of the Dungeon.
You visited 1 branch of the dungeon, and saw 4 of its levels.

You collected 183 gold pieces.
You spent 102 gold pieces at shops.


Innate Abilities, Weirdness & Mutations

You have a pair of horns on your head.
You reflexively headbutt those who attack you in melee.


   Skills:
 - Level 3.0 Fighting
 + Level 5.8 Ranged Weapons
 - Level 2.1 Armour
 - Level 2.1 Dodging
 - Level 1.0 Spellcasting
 - Level 2.0 Hexes


You had 5 spell levels left.
You knew the following spells:

 Your Spells              Type           Power      Damage    Failure   Level
a - Slow                  Hex            16%        N/A       32%         1

Your spell library contained the following spells:

 Spells                   Type           Power      Damage    Failure   Level
 Inner Flame              Hex/Fire       2%         N/A       82%         3
 Portal Projectile        Hex/Tloc       4%         N/A       82%         3
 Cause Fear               Hex            2%         N/A       97%         4

Inventory:

Hand Weapons
 Y - a +1 sling (weapon)
Armour
 d - a +0 cloak (worn)
 g - a +0 ring mail (worn)
Scrolls
 b - 2 scrolls of teleportation
 c - 2 scrolls of identify
Potions
 f - a potion of resistance
 i - 3 potions of curing

Dungeon Overview and Level Annotations

Branches:
Dungeon (4/15)
 Temple: D:4-7

Altars:
Xom

Shops:
D:1 !(*   D:2 ?

Portals:
Abyss: D:3

Annotations:
D:3 2 transporters, qw's ghost, amateur MiHs


Message History

There is a stone staircase leading up, spattered with blood here.
There are monsters nearby!
You shoot a sling bullet.
The sling bullet closely misses the gnoll.
The gnoll hits you with a +3 whip.
The gnoll bouda gazes fiercely through you!
You feel your attacks grow feeble. The gnoll bouda barely misses you.
The gnoll closely misses you.
2187 ||| STAIRDANCE The gnoll barely misses you.
The gnoll bouda barely misses you. You furiously retaliate!
You headbutt the gnoll bouda.
The kobold throws a stone.
The stone hits you. The gnoll closely misses you.
You climb upwards.
Level annotation: 2 transporters, qw's ghost, amateur MiHs
There is a stone staircase leading down here.
You shoot a sling bullet.
The sling bullet hits the gnoll bouda but does no damage.
The gnoll bouda is moderately wounded.
Your attacks no longer feel as feeble.
The gnoll hits you but does no damage.
The gnoll bouda barks out a call to the hunt!
The gnoll picks up the pace!
The gnoll hits you with a +3 whip.
You shoot a sling bullet.
The sling bullet closely misses the gnoll bouda.
The gnoll bouda barely misses you. The gnoll hits you with a +3 whip.
The gnoll bouda gazes fiercely through you!
You feel your attacks grow feeble. The gnoll bouda barely misses you.
You shoot a sling bullet.
The sling bullet barely misses the gnoll bouda.
The gnoll hits you with a +3 whip!
The gnoll bouda hits you with a +0 whip of venom!
You are lethally poisoned!
You shoot a sling bullet. The sling bullet hits the gnoll bouda.
The gnoll bouda is heavily wounded.
You feel very sick. The gnoll hits you with a +3 whip!
The gnoll bouda hits you with a +0 whip of venom.
You die...

#.# #.........#
#.################
##'#........!¤¤~~~##
#......#####~~¤¤¤¤~#
#......# #~b0.0¤¤#
#......# #¤.%b.¤¤#
#......# #~...¤.~#
#######......#####~~.~%~¤#
.....b'......).g@##~~.~~##
......#......###g####..##
.####.#...b..# #.# ##.# .#
#.#b.b...# #.# #.# .#
#.b.....## #.# #.#
.###############.#####.#
........)........).....#
#######..#######.#######
#######..#..........#


You could see a gnoll bouda and a gnoll (swift).

Vanquished Creatures
  A scorpion (D:3)
  Natasha (thrice) (D:2)
  A gnoll (D:3)
  3 adders (D:3)
  4 dart slugs
  2 orcs (D:3)
  8 ball pythons
  5 bats
  3 endoplasms
  3 giant cockroaches
  5 goblins
  7 hobgoblins
  3 quokkas
  2 frilled lizards (D:1)
  8 kobolds
  8 rats
66 creatures vanquished.

Vanquished Creatures (others)
  2 adders (D:3)
  2 ball pythons (D:3)
  2 endoplasms (D:3)
  A kobold (D:3)
  2 rats (D:3)
9 creatures vanquished.

Grand Total: 75 creatures vanquished

Notes
Turn   | Place    | Note
-------+----------+-------------------------------------------
     0 | D:1      | qw the Minotaur Hexslinger began the quest for the Orb.
     0 | D:1      | Reached XP level 1. HP: 16/16 MP: 1/1
     0 | D:1      | 0 ||| qw: Version: 0.3-a-52-g30416fa
     0 | D:1      | 0 ||| qw: Game counter: 6855
     0 | D:1      | 0 ||| qw: Melee chars always use a shield: true
     0 | D:1      | 0 ||| qw: God list: Okawaru
     0 | D:1      | 0 ||| qw: Allow faded altars: false
     0 | D:1      | 0 ||| qw: Do Orc after clearing Dungeon:15 true
     0 | D:1      | 0 ||| qw: Do second Lair branch before Depths: true
     0 | D:1      | 0 ||| qw: Lair rune preference: random
     0 | D:1      | 0 ||| qw: Goals: Normal
     0 | D:1      | 0 ||| PLANNING D:1-11
    46 | D:1      | Reached skill level 3 in Ranged Weapons
    59 | D:1      | Reached XP level 2. HP: 23/23 MP: 2/2
   134 | D:1      | Found Name's General Store.
   141 | D:1      | 141 ||| SHOPLISTING scroll of enchant armour (97 gold, have
                  | 50).
   181 | D:1      | Found Etatemoe's Antique Weapon Emporium.
   189 | D:1      | 189 ||| SHOPLISTING runed shortbow (174 gold, have 50).
   194 | D:1      | Found Likkuadd's Distillery.
   216 | D:1      | 216 ||| SHOPLISTING 2 potions of enlightenment (100 gold,
                  | have 50).
   216 | D:1      | 216 ||| BUYING potion of curing (30 gold).
   216 | D:1      | Bought a potion of curing for 30 gold pieces
   216 | D:1      | 216 ||| SHOPLISTING potion of curing (30 gold, have 20).
   216 | D:1      | 216 ||| SHOPLISTING potion of enlightenment (50 gold, have
                  | 20).
   216 | D:1      | 216 ||| SHOPLISTING potion of haste (100 gold, have 20).
   216 | D:1      | 216 ||| SHOPLISTING potion of heal wounds (50 gold, have
                  | 20).
   216 | D:1      | 216 ||| SHOPLISTING potion of resistance (100 gold, have
                  | 20).
   265 | D:1      | 265 ||| Stepping ~*~*~tactically~*~*~ (outnumbered).
   268 | D:1      | Reached XP level 3. HP: 29/29 MP: 3/3
   456 | D:1      | 456 ||| UPGRADING to +0 cloak.
   461 | D:1      | 461 ||| UPGRADING to +0 ring mail.
   471 | D:1      | 471 ||| DROPPING +0 robe.
   472 | D:1      | 472 ||| READING scroll labelled JEREMELASCH.
   473 | D:1      | 473 ||| READING scroll labelled FYUGOE KEIPP.
   474 | D:1      | 474 ||| READING scroll labelled KOESCH SOALIDAL.
   575 | D:1      | 575 ||| READING scroll labelled OGURRY KOSHRUHA.
   576 | D:1      | 576 ||| READING scroll labelled ZOVVAEX CEOVOLO.
   577 | D:1      | 577 ||| READING scroll labelled ERA TUEDOMOTSA.
   578 | D:1      | 578 ||| DROPPING scroll of poison.
   656 | D:2      | Reached skill level 4 in Ranged Weapons
   720 | D:2      | Found Yleoff's Magic Scroll Shoppe.
   725 | D:2      | 725 ||| SHOPLISTING scroll of enchant weapon (90 gold, have
                  | 79).
   725 | D:2      | 725 ||| BUYING scroll of identify (24 gold).
   725 | D:2      | Bought a scroll of identify for 24 gold pieces
   725 | D:2      | 725 ||| BUYING scroll of identify (24 gold).
   725 | D:2      | Bought a scroll of identify for 24 gold pieces
   725 | D:2      | 725 ||| BUYING scroll of identify (24 gold).
   725 | D:2      | Bought a scroll of identify for 24 gold pieces
   725 | D:2      | 725 ||| SHOPLISTING scroll of identify (24 gold, have 7).
   891 | D:2      | Noticed Natasha
   893 | D:2      | Killed Natasha
   894 | D:2      | Reached XP level 4. HP: 29/36 MP: 4/4
   894 | D:2      | 894 ||| FLEEEEING.
   895 | D:2      | 895 ||| FLEEEEING.
   896 | D:2      | 896 ||| FLEEEEING.
   897 | D:2      | 897 ||| FLEEEEING.
   898 | D:2      | 898 ||| FLEEEEING.
   899 | D:2      | 899 ||| FLEEEEING.
   900 | D:2      | 900 ||| FLEEEEING.
   901 | D:2      | 901 ||| FLEEEEING.
   902 | D:2      | 902 ||| FLEEEEING.
   903 | D:2      | 903 ||| FLEEEEING.
   904 | D:2      | 904 ||| FLEEEEING.
   905 | D:2      | 905 ||| FLEEEEING.
   906 | D:2      | 906 ||| FLEEEEING.
   907 | D:2      | 907 ||| FLEEEEING.
   908 | D:2      | 908 ||| FLEEEEING.
   909 | D:2      | 909 ||| FLEEEEING.
   935 | D:2      | Noticed Natasha
   939 | D:2      | Killed Natasha
  1230 | D:2      | Noticed Natasha
  1237 | D:2      | Killed Natasha
  1267 | D:2      | 1267 ||| READING scroll labelled ZAJAHIASTRO.
  1268 | D:2      | 1268 ||| READING 2 scrolls labelled VOSHIUVISY.
  1446 | D:3      | Noticed a scorpion
  1458 | D:3      | Killed a scorpion
  1459 | D:3      | Reached skill level 5 in Ranged Weapons
  1459 | D:3      | Reached XP level 5. HP: 12/41 MP: 5/5
  1583 | D:3      | Found a transporter.
  1586 | D:3      | Found a transporter.
  1597 | D:3      | Found a one-way gate to the infinite horrors of the Abyss.
  1597 | D:3      | Noticed qw's ghost (amateur MiHs)
  1604 | D:3      | Found a faded altar of an unknown god.
  1860 | D:3      | Found a shimmering altar of Xom.
  1889 | D:3      | Reached skill level 3 in Fighting
  1990 | D:3      | Noticed a toenail golem
  2070 | D:3      | 2070 ||| READING scroll labelled CYRCHA CUMEPN.
  2083 | D:3      | 2083 ||| READING scroll labelled WOYGHO WOWNO.
  2084 | D:3      | 2084 ||| READING 4 scrolls of identify.
  2084 | D:3      | 2084 ||| IDENTIFYING sapphire potion
  2085 | D:3      | 2085 ||| READING 3 scrolls of identify.
  2085 | D:3      | 2085 ||| IDENTIFYING fuming green potion
  2086 | D:3      | 2086 ||| DROPPING potion of attraction.
  2107 | D:4      | 2107 ||| STAIRDANCE
  2187 | D:4      | 2187 ||| STAIRDANCE
  2192 | D:3      | HP: 4/45 [gnoll/+3 whip[a gnoll bouda] (8)]
  2192 | D:3      | Slain by a gnoll bouda

Levels and vault maps discovered:
D:1:      ncdulo_lavacross, layout_rooms, serial_shops, shop,
          nicolae_shop_hallway_plus, shop, minmay_3d_cube
D:2:      layout_loops_ring, serial_shops, nicolae_shop_rolling_square,
          uniq_natasha
D:3:      layout_basic, xom_confusion_cloud, gammafunk_ghost_abyssal_escape,
          shapermc_ecumenical_altar_venn
D:4:      layout_basic, minmay_misc_feat_x

Skill      XL: |  1  2  3  4  5 |
---------------+----------------+-----
Ranged Weapons | 3 4 5 |  5.8
Fighting       | 2 3 |  3.0
Armour         | 2 |  2.1
Dodging        | |  2.1
Spellcasting   | |  1.0
Hexes          | |  2.0

Action                     |  1- 3 |  4- 6 || total
---------------------------+-------+-------++-------
   Fire: Sling             |   104 |   106 ||   210
    Use: Scroll            |     6 |     6 ||    12
 Armour: Robe              |     4 |       ||     4
         Ring mail         |     4 |    29 ||    33
  Dodge: Dodged            |    18 |    48 ||    66

Table legend:
 A = Non-vault XP
 B = Vault XP
 C = Vault XP percentage of total XP
 D = Non-vault monster count
 E = Vault monster count
 F = Vault count percentage of total count
                 A         B        C        D         E       F
            +---------+---------+-------+---------+---------+-------
      Total |     299 |      50 |  14.3 |      55 |      11 |  16.7
            +---------+---------+-------+---------+---------+-------
        D:1 |      54 |       4 |   6.9 |      31 |       2 |   6.1
        D:2 |      87 |      35 |  28.7 |      12 |       1 |   7.7
        D:3 |     158 |      11 |   6.5 |      12 |       8 |  40.0
            +---------+---------+-------+---------+---------+-------
